 Dungeon Crawl Stone Soup version 0.31.0-11-ge490571c62 (webtiles) character file.

Game seed: 1895647482907324508

616903 monsoonserge the Conqueror (level 26, -13/258 (266) HPs)
             Began as a Minotaur Chaos Knight on Feb 2, 2024.
             Was the Champion of Trog.
             Mangled by a tentacled monstrosity (20 damage)
             ... on level 3 of the Realm of Zot.
             The game lasted 05:45:38 (97790 turns).

monsoonserge the Conqueror (Minotaur Chaos Knight) Turns: 97790, Time: 05:45:39

HP:   -13/258 (266) AC: 33    Str: 27    XL:     26   Next: 40%
MP:   4/19          EV: 13    Int:  5    God:    Trog [******]
Gold: 5955          SH: 39    Dex: 12    Spells: 25/25 levels left

rFire   + . .        v - +8 demon trident "Rift" {distort, reach+}
rCold   + . .        D - +10 tower shield of Ignorance {rN+ Int-4}
rNeg    + . .        C - +3 storm dragon scales {Bai Suzhen}
rPois   +            O - +2 hood of the Assassin {Detect Stab+ Stlth++}
rElec   +            b - scarf {repulsion}
rCorr   +            o - +3 Mad Mage's Maulers {Infuse+∞ VampMP -Cast}
SInv    .            G - +0 pair of boots of Nujel {rF+}
Will    +++..        q - amulet of reflection
Stlth   ++           i - ring "Simakladgh" {rCorr Slay+2}
HPRegen 1.63/turn    h - ring of poison resistance
MPRegen 0.16/turn

%: no spellcasting, repel missiles, reflection, infuse magic (4 MP)
@: about to teleport, strong-willed, regenerating, hasted and slowed,
constricted, studying 2 skills, lightly drained
A: horns 2, retaliatory headbutt, claws 1, cold resistance 1, low MP 1
}: 4/15 runes: decaying, serpentine, slimy, silver
a: Renounce Religion, Berserk, Trog's Hand, Brothers in Arms


You were on level 3 of the Realm of Zot.
You worshipped Trog.
Trog was exalted by your worship.
You visited 12 branches of the dungeon, and saw 53 of its levels.
You visited the Abyss 1 time.
You also visited: Sewer and Ice Cave.

You collected 7969 gold pieces.
You spent 2014 gold pieces at shops.

Inventory:

Hand Weapons
 v - the +8 demon trident "Rift" (weapon) {distort, reach+}
   (You found it on level 3 of the Depths)
Missiles
 k - 29 javelins (quivered)
 x - 24 curare-tipped darts
 E - 21 atropa-tipped darts
 R - 6 silver javelins
 U - 6 throwing nets
Armour
 b - a scarf of repulsion (worn)
 o - the +3 Mad Mage's Maulers (worn) {Infuse+∞ VampMP -Cast}
   (You bought it in a shop on level 1 of the Snake Pit)

   Infuse+∞: It empowers its wearer's blows with all of their magic.
   VampMP:    Blows struck in melee replenish the wearer's magic.
   -Cast:     It prevents spellcasting.
 C - +3 storm dragon scales (worn) {Bai Suzhen}
 D - the +10 tower shield of Ignorance (worn) {rN+ Int-4}
   (You found it on level 5 of the Pits of Slime)

   Int-4:     It affects your intelligence (-4).
   rN+:       It protects you from negative energy.
 G - the +0 pair of boots of Nujel (worn) {rF+}
   (You found it on level 5 of the Vaults)

   rF+:       It protects you from fire.
 O - the +2 hood of the Assassin (worn) {Detect Stab+ Stlth++}
   (You found it on level 5 of the Vaults)

   Detect:    It allows the wearer to sense nearby creatures.
   Stab+:     It allows the wearer to make particularly effective stabbing
   attacks against helpless or unaware enemies with any weapon.
   Stlth++:   It makes you much more stealthy.
 P - +0 gold dragon scales
Jewellery
 c - the amulet of Suoma {Reflect rF- rN++ Will+ SH+5}
   (You took it off a deep elf death mage on level 3 of the Elven Halls)

   [amulet of reflection]

   Reflect:   It reflects blocked missile attacks.
   rF-:       It makes you vulnerable to fire.
   rN++:      It greatly protects you from negative energy.
   Will+:     It increases your willpower.
   SH+5:      It affects your SH (+5).
 h - a ring of poison resistance (right hand)
 i - the ring "Simakladgh" (left hand) {rCorr Slay+2}
   (You found it on level 5 of the Pits of Slime)

   [ring of resist corrosion]

   Slay+2:    It affects your accuracy & damage with ranged weapons and melee
   (+2).
   rCorr:     It protects you from acid and corrosion.
 q - an amulet of reflection (around neck)
 I - the ring of the Castellan {EV+5 Str+2}
   (You took it off a tengu reaver on level 5 of the Vaults)

   [ring of evasion]

   EV+5:      It affects your evasion (+5).
   Str+2:     It affects your strength (+2).
 K - the ring of Backatat {rN+ EV+5}
   (You found it on level 5 of the Pits of Slime)

   [ring of evasion]

   EV+5:      It affects your evasion (+5).
   rN+:       It protects you from negative energy.
Wands
 d - a wand of roots (73)
 r - a wand of digging (43)
 y - a wand of acid (22)
 J - a wand of paralysis (69)
 Y - a wand of polymorph (30)
Scrolls
 a - 10 scrolls of enchant armour
 j - 10 scrolls of teleportation
 m - 8 scrolls of fog
 t - 7 scrolls of revelation
 u - 10 scrolls of blinking
 B - 9 scrolls of poison
 L - 8 scrolls of immolation
 Q - 3 scrolls of silence
 T - 2 scrolls of fear
 V - a scroll of acquirement
 X - 2 scrolls of summoning
 Z - 2 scrolls of torment
Potions
 e - 15 potions of curing
 f - 7 potions of haste
 g - 4 potions of lignification
 l - 7 potions of invisibility
 n - 8 potions of mutation
 s - 3 potions of cancellation
 w - 9 potions of heal wounds
 F - a potion of attraction
 H - 6 potions of enlightenment
 N - 4 potions of might
 S - 4 potions of ambrosia
 W - 5 potions of resistance
Miscellaneous
 p - a lightning rod (2/4)
 z - a condenser vane
 A - a phantom mirror
 M - a box of beasts


   Skills:
 O Level 27 Fighting
 - Level 15.0(19.9) Axes
 - Level 16.5(18.8) Maces & Flails
 - Level 14.3(17.0) Polearms
 + Level 10.8 Throwing
 + Level 25.0 Armour
 + Level 16.7 Dodging
 - Level 6.0 Stealth
 O Level 27 Shields
 - Level 2.1 Unarmed Combat
 + Level 10.7 Evocations


You had 25 spell levels left.
You didn't know any spells.
Your spell library contained the following spells:

 Spells                   Type           Power      Damage    Failure   Level
 Apportation              Tloc           0%         N/A       77%         1
 Foxfire                  Conj/Fire      0%         2x1d4     77%         1
 Kiss of Death            Conj/Necr      0%         2d5       77%         1
 Magic Dart               Conj           0%         1d3       77%         1
 Necrotise                Necr           0%         1d4       77%         1
 Shock                    Conj/Air       0%         1d3       77%         1
 Slow                     Hex            0%         N/A       77%         1
 Sting                    Conj/Alch      0%         1d3       77%         1
 Summon Small Mammal      Summ           0%         N/A       77%         1
 Blink                    Tloc           0%         N/A       88%         2
 Call Imp                 Summ           0%         N/A       88%         2
 Cigotuvi's Dreadful Rot  Necr/Alch/Air  0%         N/A       88%         2
 Ensorcelled Hibernation  Hex/Ice        0%         N/A       88%         2
 Lesser Beckoning         Tloc           0%         N/A       88%         2
 Momentum Strike          Conj/Tloc      0%         3d8       88%         2
 Sublimation of Blood     Necr           0%         N/A       88%         2
 Call Canine Familiar     Summ           0%         N/A       98%         3
 Confusing Touch          Hex            0%         N/A       98%         3
 Dazzling Flash           Conj/Hex       0%         N/A       98%         3
 Frozen Ramparts          Ice            0%         1d1       98%         3
 Fugue of the Fallen      Necr           0%         N/A       98%         3
 Gell's Gravitas          Tloc           0%         N/A       98%         3
 Hailstorm                Conj/Ice       0%         3d5       98%         3
 Inner Flame              Hex/Fire       0%         N/A       98%         3
 Mephitic Cloud           Conj/Alch/Air  0%         N/A       98%         3
 Passwall                 Erth           0%         N/A       98%         3
 Sigil of Binding         Hex            0%         N/A       98%         3
 Summon Ice Beast         Ice/Summ       0%         N/A       98%         3
 Swiftness                Air            0%         N/A       98%         3
 Teleport Other           Tloc           0%         N/A       98%         3
 Tukima's Dance           Hex            0%         N/A       98%         3
 Vampiric Draining        Necr           0%         2d6       98%         3
 Volatile Blastmotes      Fire/Tloc      0%         2d10      98%         3
 Airstrike                Air            0%         2d(0-16)  100%        4
 Animate Armour           Summ/Erth      0%         N/A       100%        4
 Animate Dead             Necr           0%         N/A       100%        4
 Dimensional Bullseye     Hex/Tloc       0%         N/A       100%        4
 Dispel Undead            Necr           0%         3d6       100%        4
 Flame Wave               Conj/Fire      0%         2d4       100%        4
 Fulminant Prism          Conj/Alch      0%         3d5       100%        4
 Ignite Poison            Fire/Alch      0%         N/A       100%        4
 Iskenderun's Mystic Bla  Conj/Tloc      0%         2d3       100%        4
 Leda's Liquefaction      Alch/Erth      0%         N/A       100%        4
 Martyr's Knell           Necr/Summ      0%         N/A       100%        4
 Olgreb's Toxic Radiance  Alch           0%         N/A       100%        4
 Petrify                  Alch/Erth      0%         N/A       100%        4
 Sticky Flame             Fire/Alch      0%         2d4       100%        4
 Summon Blazeheart Golem  Fire/Summ      0%         N/A       100%        4
 Summon Lightning Spire   Summ/Air       0%         N/A       100%        4
 Alistair's Intoxication  Alch           0%         N/A       100%        5
 Borgnjor's Vile Clutch   Necr/Erth      0%         N/A       100%        5
 Curse of Agony           Necr           0%         N/A       100%        5
 Freezing Cloud           Conj/Ice/Air   0%         6-21      100%        5
 Lee's Rapid Deconstruct  Erth           0%         3d4*      100%        5
 Metabolic Englaciation   Hex/Ice        0%         N/A       100%        5
 Silence                  Hex/Air        0%         N/A       100%        5
 Summon Forest            Summ/Tloc      0%         N/A       100%        5
 Summon Mana Viper        Hex/Summ       0%         N/A       100%        5
 Dispersal                Tloc           0%         N/A       100%        6
 Eringya's Noxious Bog    Alch           0%         4d6       100%        6
 Plasma Beam              Fire/Air       0%         2x1d10    100%        6
 Sculpt Simulacrum        Ice/Alch       0%         N/A       100%        6
 Starburst                Conj/Fire      0%         6d3       100%        6
 Summon Cactus Giant      Summ           0%         N/A       100%        6
 Haunt                    Necr/Summ      0%         N/A       100%        7
 Malign Gateway           Summ/Tloc      0%         N/A       100%        7
 Monstrous Menagerie      Summ           0%         N/A       100%        7
 Ozocubu's Refrigeration  Ice            0%         4d7       100%        7
 Summon Hydra             Summ           0%         N/A       100%        7
 Ignition                 Fire           0%         3d3       100%        8
 Infestation              Necr           0%         N/A       100%        8
 Summon Horrible Things   Summ           0%         N/A       100%        8
 Chain Lightning          Conj/Air       0%         N/A       100%        9
 Death's Door             Necr           0%         N/A       100%        9
 Fire Storm               Conj/Fire      0%         5d1       100%        9
 Polar Vortex             Ice            0%         N/A       100%        9
 Shatter                  Erth           0%         3d5*      100%        9


Dungeon Overview and Level Annotations

Branches:
Dungeon (15/15)            Temple (1/1) D:6            Lair (5/5) D:8
  Swamp (4/4) Lair:2        Snake (4/4) Lair:3        Slime (5/5) Lair:5
    Orc (2/2) D:12            Elf (3/3) Orc:2        Vaults (5/5) D:13
  Crypt (1/3) Vaults:2     Depths (4/4) D:15            Zot (4/5) Depths:4
  Sewer (visited)           IceCv (visited)

Altars:
Ashenzari
Cheibriados
Dithmenos
Elyvilon
Fedhas
Gozag
Hepliaklqana
Kikubaaqudgha
Makhleb
Nemelex Xobeh
Okawaru
Qazlal
Ru
Sif Muna
Trog
Uskayaw
Vehumet
Wu Jian
Xom
Yredelemnul
Zin
The Shining One
Jiyva
Lugonu

Shops:
D:2 !   Orc:1 :   Orc:2 ([(=   Elf:1 (   Elf:3 ?   Snake:1 [![[   Snake:3 [
Snake:4 ::=   Vaults:1 !   Depths:4 ?

Portals:
Hell: Depths:1 Depths:2 Depths:3 Depths:4
Abyss: Depths:1 Depths:2 Depths:3 Depths:4
Pandemonium: Depths:1 Depths:2
Ziggurat: Depths:1

Annotations:
Snake:1 Roxanne
Abyss:1 Josephina


Innate Abilities, Weirdness & Mutations

You have a pair of horns on your head.
You reflexively headbutt those who attack you in melee.
You have sharp fingernails.
Your flesh is cold resistant. (rC+)
Your magical capacity is low. (-10% MP)


Message History

As you read the scroll of teleportation, it crumbles to dust.
You feel strangely unstable.
You feel the Orb delaying your translocation!
The death cob hits you!
* * * LOW HITPOINT WARNING * * *
The tentacled monstrosity tentacle-slaps you but does no damage.
You block the tentacled monstrosity's attack. x2
The tentacled monstrosity constricts you.
* * * LOW HITPOINT WARNING * * *
You block the storm dragon's attack. x2; The storm dragon closely misses you.
The death cob hits you but does no damage.
The shadow dragon bites you but does no damage.
The shadow dragon claws you but does no damage. x2
You feel better. You block the storm dragon's attack. x3
You block the tentacled monstrosity's attack.
The tentacled monstrosity tentacle-slaps you.
* * * LOW HITPOINT WARNING * * *
The tentacled monstrosity tentacle-slaps you but does no damage.
The tentacled monstrosity constricts you.
The death cob hits you.
* * * LOW HITPOINT WARNING * * *
The death cob drains your vigour!
You feel yourself slow down.
You feel better. You block the death cob's attack.
You block the storm dragon's attack. x3
The tentacled monstrosity tentacle-slaps you but does no damage.
The tentacled monstrosity misses you.
The tentacled monstrosity tentacle-slaps you but does no damage.
The tentacled monstrosity constricts you.
* * * LOW HITPOINT WARNING * * *
The death cob barely misses you. You furiously retaliate!
You headbutt the death cob.
The shadow dragon bites you but does no damage.
The shadow dragon claws you but does no damage. x2
The storm dragon bites you!!
* * * LOW HITPOINT WARNING * * *
The storm dragon claws you but does no damage.
The storm dragon barely misses you. The death cob hits you.
* * * LOW HITPOINT WARNING * * *
The tentacled monstrosity tentacle-slaps you!!
You die...

#.##=.# #...........+...#.#....
#.##.######...^..####.......'....
..##......+......#≈≈##).....#....
####.######....###≈#.[#)....#....
####.# #...##≈≈≈#..#.....#....
....)# #...#≈≈##.##......#.>..
#..### #.###≈#..#.......##....
#..# ###≈≈D#X.#....######### .###
#≈≈##@##....##≈≈# #### .#.#
#.D#z....#..#≈###... #..#
#..#.....#..#≈≈≈#### #..#
#≈≈##.##....##.##≈≈#.. ...#
##≈≈≈#..#.....#..# ### .###
###≈#..#.....#..# .#
#≈≈##....##.##≈≈# .#
#####....#..#≈≈≈### ##########
#........#..#≈###.#


You could see a shadow dragon, a tentacled monstrosity (berserk, corroded), a
storm dragon (berserk, very poisoned) and a death cob.

Vanquished Creatures
  the Royal Jelly (Slime:5)
  3 dread liches
  3 ancient liches
  Xtahua (Vaults:3)
  Bai Suzhen (Vaults:4)
  Sojobo (Vaults:4)
  2 Killer Klowns (Zot:3)
  Vashnia (Snake:2)
  Saint Roka (Depths:1)
  5 golden dragons
  A caustic shrike (Depths:3)
  Norris (Vaults:1)
  Nikola (Elf:3)
  3 bone dragons (Abyss:3)
  A hellephant (Depths:1)
  7 tentacled monstrosities
  A walking earthen tome (Depths:4)
  Jorgrun (Swamp:1)
  A deep elf blademaster (Elf:2)
  Mlioglotl (Swamp:2)
  7 titans
  2 liches
  2 deep elf master archers (Elf:3)
  9 quicksilver dragons
  5 sphinxes
  26 acid blobs
  3 death cobs
  Gastronok (Orc:1)
  5 tentacled starspawn (Abyss:3)
  10 storm dragons
  9 shadow dragons
  9 tengu reavers
  4 draconian monks
  Agnes (Snake:1)
  2 thorn hunters
  12 azure jellies
  Aizul (Snake:4)
  9 rockslimes
  2 protean progenitors (Zot:3)
  2 fenstrider witches (Swamp:4)
  7 fire giants
  6 draconian scorchers
  4 draconian knights
  12 deep elf sorcerers
  9 frost giants
  A balrug (Depths:3)
  A draconian shifter (Zot:3)
  3 deep elf elementalists
  24 vault wardens
  Louise (Swamp:2)
  2 ghost moths
  An angel (Abyss:3)
  6 ironbound thunderhulks
  An orc warlord (Orc:2)
  A draconian stormcaller (Abyss:3)
  4 draconian annihilators
  3 reapers
  17 quicksilver oozes
  2 ghouls (Swamp:4)
  3 spriggan defenders
  17 very ugly things
  2 formless jellyfish
  21 stone giants
  3 cacodemons
  7 green draconians
  21 ironbound preservers
  4 eleionomae
  6 deep elf demonologists
  3 black draconians
  4 vampire knights (Depths:2)
  7 white draconians
  6 yellow draconians
  2 bunyips
  26 dire elephants
  8 war gargoyles
  9 deep elf death magi
  19 purple draconians
  8 deep elf annihilators
  4 spark wasps (Depths:3)
  3 red draconians
  Snorg (D:13)
  2 jiangshi (Crypt:1)
  2 crystal guardians (Vaults:3)
  3 fire dragons
  A green death (Depths:2)
  23 ettins
  6 shambling mangroves (Swamp:4)
  11 deep elf high priests
  2 entropy weavers
  20 yaktaur captains
  49 vault guards
  17 great orbs of eyes
  14 ice dragons
  2 catoblepae
  15 hydras
  A ghost crab (Swamp:3)
  3 salamander tyrants (Snake:4)
  3 ogre magi
  10 anacondas
  4 peacekeepers
  3 spriggan air magi
  A death knight (D:15)
  13 alligators
  8 ironbound frosthearts
  A two-headed ogre (shapeshifter) (Vaults:5)
  9 boulder beetles
  6 death yaks (Lair:5)
  25 dancing weapons
  5 tengu warriors
  14 two-headed ogres
  3 vampire magi
  7 naga warriors
  3 occultists
  5 centaur warriors
  5 orc high priests (Depths:1)
  5 shock serpents
  4 hell hogs (Depths:1)
  11 deep troll earth magi
  8 deep troll shamans
  8 thrashing horrors (Abyss:3)
  A spriggan berserker (Depths:4)
  Nergalle (D:11)
  12 naga sharpshooters
  A titan zombie (Abyss:3)
  Urug (D:12)
  A shock serpent (shapeshifter) (Vaults:5)
  3 soul eaters
  Sonja (Orc:1)
  2 sun demons
  17 deep elf knights
  Amaemon (Lair:1)
  12 hell knights
  12 iron trolls
  3 spectral death yaks (Lair:5)
  2 wretched stars (Abyss:3)
  4 salamander mystics
  6 goliath frogs
  3 shadow wraiths
  3 skysharks
  A fire crab (D:13)
  7 skeletal warriors
  45 deep trolls
  A death drake (Depths:3)
  5 sixfirhies (Abyss:3)
  A flayed ghost (Swamp:4)
  7 swamp dragons
  A spectral anaconda (Lair:5)
  5 mana vipers
  A shadow demon (Depths:1)
  7 large abominations (Abyss:3)
  5 sea snakes (Snake:2)
  3 bog bodies (Swamp:1)
  A naga ritualist (Snake:4)
  9 glowing orange brains
  2 glowing orange brains (shapeshifter) (Vaults:5)
  9 spriggan druids
  An obsidian statue (Lair:5)
  A snapping turtle (shapeshifter) (Vaults:5)
  3 arcanists
  9 lindwurms
  A spectral hydra (Swamp:4)
  10 deep elf archers
  2 steelbarb worms (Swamp:3)
  Pikel (D:6)
  14 phantasmal warriors
  10 necromancers
  18 ironbound convokers
  24 deep elf zephyrmancers
  5 shining eyes
  7 orc knights
  A sun moth (shapeshifter) (Vaults:5)
  29 deep elf pyromancers
  3 oklob plants (Swamp:4)
  A frost giant zombie (Depths:2)
  5 orc sorcerers
  27 ugly things
  5 will-o-the-wisps
  21 salamanders
  9 cyclopes
  A cyclops (shapeshifter) (Vaults:5)
  9 elephants
  Joseph (D:7)
  4 manticores
  An apocalypse crab (Abyss:3)
  7 kobold blastminers
  3 meliai (D:14)
  9 moths of wrath
  A dire elephant zombie (Lair:5)
  A fire giant skeleton (Depths:2)
  7 naga magi
  24 black mambas
  5 guardian serpents
  22 vault sentinels
  12 cane toads
  2 orange demons
  2 gargoyles (D:13)
  An ice statue (IceCv)
  A torpor snail (Lair:2)
  A smoke demon (Abyss:3)
  20 eyes of devastation
  3 unseen horrors
  Maggie (D:6)
  4 kobold demonologists
  4 komodo dragons
  12 freezing wraiths
  2 anaconda simulacra (IceCv)
  3 tengu conjurers
  44 yaktaurs
  2 efreet
  13 ice devils
  A harpy zombie (Abyss:3)
  3 hydra zombies (Swamp:4)
  4 ancient zymes (Abyss:3)
  2 polar bears
  6 trolls
  10 raiju (Abyss:3)
  24 hornets
  2 wind drakes (Zot:3)
  Prince Ribbit (D:6)
  14 tyrant leeches
  2 tarantellas
  4 glass eyes
  A hydra skeleton (Swamp:4)
  A draconian simulacrum (Zot:2)
  15 blink frogs
  A spectral elephant (Lair:5)
  2 jumping spiders
  11 spriggans
  A centaur simulacrum (D:14)
  2 air elementals
  100 slime creatures
  3 wraiths
  33 yaks
  3 shadows
  2 water elementals (Elf:3)
  3 wyverns (Lair:2)
  5 vampires
  5 ynoxinuls (Abyss:3)
  12 golden eyes
  2 wargs
  2 fire elementals
  A dire elephant simulacrum (Lair:5)
  6 basilisks
  A steam dragon (D:6)
  5 vampire mosquitoes (D:13)
  2 redbacks
  3 neqoxecs (Abyss:3)
  Menkaure (D:6)
  3 chaos spawn (Abyss:3)
  4 death yak simulacra (IceCv)
  21 swamp worms
  A spectral cane toad (Lair:5)
  22 nagas
  An acid dragon (D:10)
  4 harpy simulacra
  7 small abominations (Abyss:3)
  11 water moccasins
  6 hydra simulacra
  A hell hound (Abyss:3)
  30 orc warriors
  A meliai simulacrum (D:14)
  4 elephant zombies (Lair:5)
  3 swamp drakes
  A black bear (Lair:2)
  A swamp dragon zombie (Swamp:4)
  An ice beast (D:7)
  15 laughing skulls
  17 wolves
  12 ogres
  4 boggarts
  17 centaurs
  37 starcursed masses (Abyss:3)
  An elephant skeleton (Lair:5)
  A weeping skull (Abyss:3)
  9 kobold brigands
  9 bullfrogs
  A brain worm (Abyss:3)
  5 cane toad simulacra (IceCv)
  5 earth elementals
  2 two-headed ogre simulacra (IceCv)
  9 wights (D:8)
  8 elephant simulacra
  4 killer bees (D:9)
  7 howler monkeys
  15 electric eels
  9 hounds
  4 jellies
  15 orc priests
  Jessica (D:3)
  2 sleepcaps (D:3)
  2 iguanas
  19 orc wizards
  A spriggan simulacrum (IceCv)
  A polar bear simulacrum (IceCv)
  4 wolf simulacra (IceCv)
  6 adders
  4 gnolls (D:4)
  2 river rats (Sewer)
  A swamp drake zombie (Swamp:4)
  A naga simulacrum (IceCv)
  A shadow imp (D:6)
  A swamp drake skeleton (Swamp:4)
  3 white imps
  3 ufetubi
  A ribbon worm (D:3)
  13 dart slugs
  79 orcs
  13 ball pythons
  2 bats
  A bat skeleton (Crypt:1)
  9 endoplasms
  2 giant cockroaches
  6 goblins
  7 hobgoblins
  11 jackals
  5 quokkas
  3 training dummies (Elf:1)
  2 frilled lizards
  39 kobolds
  8 rats
  2 aspiring fleshes (Zot:3)
  A butterfly (D:10)
2284 creatures vanquished.

Vanquished Creatures (collateral kills)
  A titan (Vaults:2)
  A fire giant (Vaults:2)
  A very ugly thing (Vaults:4)
  A deep elf demonologist (Elf:3)
  A deep elf death mage (Vaults:2)
  A yellow draconian (Vaults:2)
  2 vault guards (Vaults:3)
  A yaktaur captain (Vaults:2)
  A great orb of eyes (Depths:2)
  An alligator (Swamp:2)
  A hell hog (Depths:1)
  A shock serpent (Snake:4)
  2 hell knights (Depths:2)
  An iron troll (Depths:2)
  A shadow demon (Depths:1)
  A swamp dragon (Swamp:4)
  A bog body (Swamp:2)
  A shining eye (Slime:2)
  A smoke demon (Depths:2)
  A freezing wraith (Vaults:2)
  2 glass eyes (Slime:2)
  2 slime creatures (Slime:2)
  A golden eye (Slime:2)
27 creatures vanquished.

Vanquished Creatures (others)
  4 deep elf archers (Elf:3)
  A deep elf pyromancer (Elf:1)
  A salamander (Snake:4)
  2 bloated husks
  2 golden eyes (Abyss:3)
  A yellow draconian simulacrum (Zot:2)
  2 moth of wrath simulacra (Zot:2)
  A dart slug (D:6)
  22 foxfires
  A lurking horror (Abyss:3)
  9 starspawn tentacles (Abyss:3)
46 creatures vanquished.

Grand Total: 2357 creatures vanquished

Notes
Turn   | Place    | Note
-------+----------+-------------------------------------------
     0 | D:1      | monsoonserge the Minotaur Chaos Knight began the quest for
                  | the Orb.
     0 | D:1      | Reached XP level 1. HP: 19/19 MP: 0/0
    82 | D:1      | XOM: silly message
    95 | D:1      | Reached XP level 2. HP: 27/27 MP: 1/1
   244 | D:1      | Reached XP level 3. HP: 34/34 MP: 2/2
   667 | D:2      | Identified the +1 robe of Polish {rF- Int+3 Archmagi}
   800 | D:2      | XOM: scenery: summon butterflies
   852 | D:2      | XOM: scenery: create altars
  1041 | D:2      | XOM: 2-stop teleportation journey
  1075 | D:2      | XOM: divination: magic mapping
  1196 | D:2      | XOM: 5-stop teleportation journey
  1272 | D:2      | XOM: cloud trail
  1375 | D:2      | XOM: god gift: 2 viscous green potions {god gift}
  1630 | D:2      | Found Tukhiar's Distillery.
  1638 | D:2      | Bought a potion of heal wounds for 65 gold pieces
  1638 | D:2      | Bought a potion of curing for 39 gold pieces
  1751 | D:3      | Reached XP level 4. HP: 41/41 MP: 3/3
  1815 | D:3      | XOM: silly message
  1914 | D:3      | Noticed Jessica
  1924 | D:3      | Killed Jessica
  1925 | D:3      | Reached skill level 5 in Axes
  2225 | D:3      | Reached skill level 5 in Fighting
  2225 | D:3      | Reached XP level 5. HP: 27/48 MP: 4/4
  2392 | D:3      | Found a faded altar of an unknown god.
  2400 | D:3      | Prayed at the altar of an unknown god.
  2400 | D:3      | Fell from the grace of Xom
  2400 | D:3      | Became a worshipper of Trog the Wrathful
  2400 | D:3      | Reached * piety under Trog
  2408 | D:3      | Found a faded altar of an unknown god.
  2456 | D:4      | Noticed an ogre
  2617 | D:4      | Reached XP level 6. HP: 56/56 MP: 5/5
  2772 | D:4      | You fall into a shaft and drop 1 floor!
  2772 | D:5      | Entered Level 5 of the Dungeon
  2811 | D:4      | XOM: stat loss: -1 Dex (8/9)
  2847 | D:4      | Identified the +2 leather armour of Trumpets {rC+ SInv}
  3453 | D:5      | Found a hide-covered altar of Uskayaw.
  3454 | D:5      | Found a sparkling altar of Nemelex Xobeh.
  3454 | D:5      | Found a broken altar of Ashenzari.
  3616 | D:5      | Reached ** piety under Trog
  3619 | D:5      | Reached skill level 1 in Stealth
  3708 | D:5      | Found an iron altar of Okawaru.
  3708 | D:5      | Found a shadowy altar of Dithmenos.
  3807 | D:5      | Reached skill level 1 in Maces & Flails
  3807 | D:5      | Reached XP level 7. HP: 62/62 MP: 6/6
  4049 | D:6      | Noticed a steam dragon
  4051 | D:6      | Noticed Maggie
  4058 | D:6      | Killed a steam dragon
  4069 | D:6      | HP: 1/62 [Maggie/bolt of fire (12)]
  4070 | D:6      | Killed Maggie
  4474 | D:6      | Reached XP level 8. HP: 50/71 MP: 4/7
  4535 | D:6      | Found a glowing drain.
  4546 | Sewer    | Entered a sewer
  4619 | Sewer    | Reached skill level 5 in Maces & Flails
  4641 | Sewer    | Found a white marble altar of Elyvilon.
  4769 | D:6      | Noticed Prince Ribbit
  4779 | D:6      | XOM: confusion (+ monsters)
  4796 | D:6      | Killed Prince Ribbit
  4877 | D:6      | Noticed Pikel
  4893 | D:6      | Killed Pikel
  4901 | D:6      | Reached XP level 9. HP: 35/78 MP: 2/8
  5021 | D:6      | XOM: torment (38/78 hp)
  5118 | D:6      | XOM: noise
  5277 | D:6      | Found a staircase to the Ecumenical Temple.
  5284 | D:6      | Noticed Menkaure
  5291 | D:6      | Killed Menkaure
  5298 | Temple   | Entered the Ecumenical Temple
  5469 | D:7      | Identified the ring "Koklei Xeol" {+Blink rN+ Int+6}
  5529 | D:7      | Noticed Joseph
  5539 | D:7      | Killed Joseph
  5736 | D:7      | Reached skill level 1 in Evocations
  5842 | D:7      | Reached skill level 10 in Maces & Flails
  5981 | D:7      | Reached skill level 5 in Dodging
  6733 | D:8      | Found a staircase to the Lair.
  6733 | D:8      | Noticed a troll
  6733 | D:8      | XOM: 1-stop teleportation journey
  6757 | D:9      | Noticed a two-headed ogre
  6766 | D:9      | Killed a two-headed ogre
  6767 | D:9      | Reached skill level 5 in Armour
  6871 | D:9      | Paralysed by a hornet for 2 turns
  6877 | D:9      | Reached XP level 10. HP: 38/88 MP: 5/9
  7074 | D:9      | Reached *** piety under Trog
  7511 | D:9      | Found a shimmering altar of Xom.
  7905 | D:10     | Entered Level 10 of the Dungeon
  8216 | D:10     | XOM: 4-stop teleportation journey
  8829 | D:10     | Found a sacrificial altar of Ru.
  9124 | D:10     | Reached **** piety under Trog
  9126 | D:10     | Reached skill level 1 in Throwing
  9131 | D:10     | Noticed an orc knight
  9139 | D:10     | Killed an orc knight
  9170 | D:10     | XOM: silly message
  9259 | D:11     | Noticed a cyclops
  9266 | D:11     | Identified the +3 chain mail "Surch" {rPois}
  9279 | D:11     | Killed a cyclops
  9451 | D:11     | Noticed a two-headed ogre
  9461 | D:11     | Killed a two-headed ogre
  9562 | D:11     | XOM: silly message
  9674 | D:11     | Found a shadowy altar of Dithmenos.
  9677 | D:11     | XOM: silly message
  9841 | D:11     | Noticed a cyclops
  9850 | D:11     | Killed a cyclops
  9851 | D:11     | Reached XP level 11. HP: 26/95 MP: 2/10
 10494 | D:11     | Noticed a two-headed ogre
 10503 | D:11     | Killed a two-headed ogre
 10504 | D:11     | Reached skill level 5 in Evocations
 10608 | D:11     | Noticed Nergalle
 10618 | D:11     | Killed Nergalle
 10654 | D:11     | XOM: silly message
 10729 | D:11     | Noticed a boulder beetle
 10737 | D:11     | Killed a boulder beetle
 10952 | D:11     | XOM: silly message
 11023 | D:9      | XOM: silly message
 11329 | D:8      | Noticed a two-headed ogre
 11336 | D:8      | Killed a two-headed ogre
 11337 | D:8      | Reached skill level 10 in Axes
 11447 | D:8      | XOM: divination: detect creatures
 11559 | D:8      | Noticed a two-headed ogre
 11568 | D:8      | Killed a two-headed ogre
 12023 | Lair:1   | Entered Level 1 of the Lair of Beasts
 12030 | Lair:1   | Noticed Amaemon
 12104 | Lair:1   | Killed Amaemon
 12119 | D:8      | Reached ***** piety under Trog
 12291 | Lair:1   | Reached XP level 12. HP: 105/105 MP: 11/11
 12730 | Lair:1   | Reached skill level 10 in Fighting
 12740 | Lair:1   | Reached skill level 1 in Shields
 13268 | Lair:2   | XOM: 3-stop teleportation journey
 13297 | Lair:2   | XOM: 6-stop teleportation journey
 13297 | Lair:2   | Was forgiven by Xom
 13670 | Lair:2   | Found a frozen archway.
 13704 | IceCv    | Entered an ice cave
 13706 | IceCv    | Received a gift from Trog
 14152 | IceCv    | Reached skill level 10 in Armour
 14346 | IceCv    | Found an ancient bone altar of Kikubaaqudgha.
 14803 | IceCv    | Reached XP level 13. HP: 84/116 MP: 12/12
 14908 | IceCv    | Got Sif Muna's Vellum of the Dark Icicle
 15124 | Lair:2   | Received a gift from Trog
 15586 | Lair:2   | Identified the +1 ring mail "Norph" {Rampage +Blink Int+3}
 16007 | Lair:2   | Identified the ring of Irotouh {Int+6 Dex+4 Stlth-}
 16017 | Lair:2   | Found a staircase to the Swamp.
 16442 | Lair:3   | Reached skill level 15 in Axes
 17254 | Lair:3   | Found a staircase to the Snake Pit.
 18540 | Lair:5   | Entered Level 5 of the Lair of Beasts
 18736 | Lair:5   | Found a viscous altar of Jiyva.
 18737 | Lair:5   | Found a staircase to the Slime Pits.
 18771 | Lair:5   | Identified the +0 leather armour "Asifigomn" {Str+4}
 19235 | Lair:5   | Noticed a dire elephant
 19235 | Lair:5   | Noticed a dire elephant
 19235 | Lair:5   | Noticed a dire elephant
 19236 | Lair:5   | Noticed a dire elephant
 19323 | Lair:5   | Reached XP level 14. HP: 129/129 MP: 13/13
 19592 | Lair:5   | Identified the +7 orcbow of the Mouth {elec, rC+ Str-5
                  | Stlth+}
 19596 | Lair:5   | Identified the +5 dire flail of Irritation {heavy, Int+2
                  | Dex+4}
 19715 | Lair:5   | Reached skill level 5 in Shields
 20907 | D:12     | Received a gift from Trog
 21196 | D:12     | Found a staircase to the Orcish Mines.
 21273 | D:12     | Reached skill level 15 in Fighting
 21721 | D:12     | Noticed Urug
 21731 | D:12     | Killed Urug
 21825 | D:13     | Noticed Snorg
 21835 | D:13     | Killed Snorg
 22362 | D:13     | Found a gate to the Vaults.
 22450 | D:13     | Identified the +1 ring mail of the Merchant {rN+}
 22663 | D:13     | Reached XP level 15. HP: 101/144 MP: 14/14
 22834 | D:13     | Identified the +2 dagger of Stickiness {venom, rElec Str+2
                  | Dex+3}
 23333 | D:13     | Identified the +4 ring mail "Earthly Heaven" {rC- rN+
                  | Int+3}
 23712 | D:14     | Received a gift from Trog
 24338 | D:15     | Entered Level 15 of the Dungeon
 24382 | D:15     | Found a staircase to the Depths.
 25664 | Orc:1    | Entered Level 1 of the Orcish Mines
 25751 | Orc:1    | Noticed Sonja
 25784 | Orc:1    | Killed Sonja
 25842 | Orc:1    | Noticed Gastronok
 25864 | Orc:1    | Killed Gastronok
 25920 | Orc:1    | Found Akkeas's Self-Improvement Boutique.
 26103 | Orc:2    | Entered Level 2 of the Orcish Mines
 26257 | Orc:1    | Received a gift from Trog
 26265 | Orc:1    | Reached skill level 10 in Shields
 26677 | Orc:2    | Found Qagruh's Antique Armour Boutique.
 26677 | Orc:2    | Found Juxtoi's Antique Weapon Emporium.
 26679 | Orc:2    | Found Bosmuvoc's Jewellery Shoppe.
 26681 | Orc:2    | Found Kagir's Weapon Shop.
 26699 | Orc:2    | Bought a crude scale mail for 261 gold pieces
 26699 | Orc:2    | Identified the +1 scale mail "Xuipn" {rCorr MP+9} (You
                  | bought it in a shop on level 2 of the Orcish Mines)
 26701 | Orc:2    | Bought 2 atropa-tipped darts for 30 gold pieces
 26720 | Orc:2    | Reached skill level 15 in Armour
 27000 | Orc:2    | Found a burning altar of Makhleb.
 27209 | Orc:2    | Found a staircase to the Elven Halls.
 27684 | Swamp:1  | Entered Level 1 of the Swamp
 27778 | Swamp:1  | Reached XP level 16. HP: 157/157 MP: 15/15
 27942 | Swamp:1  | Noticed Jorgrun
 27955 | Swamp:1  | Killed Jorgrun
 27955 | Swamp:1  | Reached ****** piety under Trog
 28437 | Swamp:2  | Received a gift from Trog
 28438 | Swamp:2  | Reached skill level 5 in Throwing
 28732 | Swamp:2  | Noticed Mlioglotl
 28742 | Swamp:2  | Killed Mlioglotl
 28913 | Swamp:2  | Noticed Louise
 28922 | Swamp:2  | Killed Louise
 30156 | Swamp:3  | Noticed a thorn hunter
 30164 | Swamp:3  | Killed a thorn hunter
 30429 | Swamp:4  | Entered Level 4 of the Swamp
 30506 | Swamp:4  | Received a gift from Trog
 30536 | Swamp:4  | Paralysed by a fenstrider witch for 5 turns
 30544 | Swamp:4  | HP: 7/161 [poisoned by a fenstrider witch]
 31651 | Swamp:4  | Reached XP level 17. HP: 155/169 MP: 16/16
 32416 | Swamp:4  | Reached skill level 10 in Dodging
 32821 | Swamp:4  | Found a blossoming altar of Fedhas.
 32845 | Swamp:4  | Found a basalt altar of Yredelemnul.
 33141 | Snake:1  | Entered Level 1 of the Snake Pit
 33284 | Snake:1  | Received a gift from Trog
 33432 | Snake:1  | Found Vuptahid's Antique Armour Shop.
 33507 | Snake:1  | Found Vasch's Antique Armour Shop.
 33507 | Snake:1  | Found Reituz's Distillery.
 33510 | Snake:1  | Found Juosh's Armour Boutique.
 33535 | Snake:1  | Noticed Agnes
 33543 | Snake:1  | Killed Agnes
 33712 | Snake:1  | Bought a potion of resistance for 130 gold pieces
 33730 | Snake:1  | Bought the +3 Mad Mage's Maulers {Infuse+∞ VampMP -Cast}
                  | for 1440 gold pieces
 33730 | Snake:1  | Found the +3 Mad Mage's Maulers {Infuse+∞ VampMP -Cast}
 33917 | Snake:1  | Noticed Roxanne
 34844 | Snake:2  | Noticed Vashnia
 34864 | Snake:2  | Killed Vashnia
 36191 | Snake:3  | Found Raoss's Antique Armour Boutique.
 36467 | Snake:3  | Identified the +3 hand axe "Othuefoq" {heavy, rF+ rN+
                  | Str-5} (Trog gifted it to you on level 3 of the Snake Pit)
 36467 | Snake:3  | Received a gift from Trog
 37125 | Snake:4  | Entered Level 4 of the Snake Pit
 37377 | Snake:4  | Found Matiqit's Jewellery Shoppe.
 37377 | Snake:4  | Found Hevafit's Book Boutique.
 37378 | Snake:4  | Found Silec's Book Boutique.
 37681 | Snake:4  | Identified the serpent talisman "Firiw" {rElec Str+3}
 37681 | Snake:4  | Noticed Aizul
 37695 | Snake:4  | Killed Aizul
 38472 | Snake:4  | Reached XP level 18. HP: 169/182 MP: 3/17
 40541 | Elf:1    | Entered Level 1 of the Elven Halls
 40712 | Elf:1    | Received a gift from Trog
 40713 | Elf:1    | Reached skill level 15 in Shields
 41455 | Elf:1    | Found Qotzac's Firing Range.
 41463 | Elf:1    | Bought 5 atropa-tipped darts for 49 gold pieces
 43332 | Elf:2    | Received a gift from Trog
 43490 | Elf:2    | Paralysed by an air elemental for 1 turns
 44054 | Elf:2    | Found a runed translucent gate.
 44056 | Elf:2    | Found a runed translucent gate.
 44060 | Elf:2    | Found a runed translucent gate.
 44101 | Elf:3    | Entered Level 3 of the Elven Halls
 45075 | Elf:3    | Identified the +6 scale mail of Ystizoc {rCorr Str+3 Dex-4
                  | Slay+2}
 45255 | Elf:3    | Found Rikk's Magic Scroll Shop.
 45653 | Elf:3    | Paralysed by an air elemental for 1 turns
 45655 | Elf:3    | Paralysed by an air elemental for 1 turns
 45659 | Elf:3    | Noticed Nikola
 45666 | Abyss:3  | Cast into level 3 of the Abyss (a deep elf sorcerer)
 45752 | Abyss:3  | Noticed a tentacled monstrosity
 45861 | Abyss:3  | Noticed a bone dragon
 45871 | Abyss:3  | Killed a bone dragon
 45872 | Abyss:3  | Reached XP level 19. HP: 160/192 MP: 0/18
 45889 | Abyss:3  | Paralysed by accursed screaming for 1 turns
 45895 | Abyss:3  | Received a gift from Trog
 45895 | Abyss:3  | Found the +16 obsidian axe {drain, demonic, Mesm ^Drain Fly
                  | SInv}
 45898 | Abyss:3  | Paralysed by accursed screaming for 1 turns
 45916 | Abyss:3  | Found a corrupted altar of Lugonu.
 46589 | Abyss:3  | Received a gift from Trog
 46819 | Abyss:3  | Found a corrupted altar of Lugonu.
 46864 | Abyss:3  | Noticed a bone dragon
 46884 | Abyss:3  | Killed a bone dragon
 47428 | Abyss:3  | Noticed a bone dragon
 47439 | Abyss:3  | Killed a bone dragon
 47500 | Abyss:3  | Noticed a dread lich
 47502 | Elf:3    | Escaped the Abyss
 47534 | Elf:3    | Identified the +10 rapier of the Pill Bug {drain, rPois
                  | Dex+4}
 47542 | Elf:3    | Identified the +8 great mace of the Special Priests
                  | {freeze, rN+ Int+3}
 47551 | Elf:3    | Received a gift from Trog
 47552 | Elf:3    | Identified the +2 trident "Osyego" {freeze, rN+}
 47556 | Elf:3    | Identified the amulet of Suoma {Reflect rF- rN++ Will+
                  | SH+5}
 49316 | Depths:1 | Entered Level 1 of the Depths
 49652 | Depths:1 | Received a gift from Trog
 49654 | Depths:1 | Found a one-way gate to the infinite horrors of the Abyss.
 49910 | Depths:1 | Reached XP level 20. HP: 206/206 MP: 5/19
 50062 | Depths:1 | Found a gateway to Hell.
 50332 | Depths:1 | Found a one-way gate leading to the halls of Pandemonium.
 50492 | Depths:1 | Noticed Saint Roka
 50521 | Depths:1 | Killed Saint Roka
 50687 | Depths:1 | Found a broken altar of Ashenzari.
 50918 | Depths:1 | Found a shimmering blue altar of Sif Muna.
 51245 | Depths:1 | Noticed a dread lich
 51246 | Depths:1 | Found a one-way gateway to a ziggurat.
 51246 | Depths:1 | Noticed a dread lich
 52446 | Depths:1 | Received a gift from Trog
 56805 | Depths:2 | Received a gift from Trog
 57843 | Depths:2 | Noticed an ancient lich
 57865 | Depths:2 | Killed an ancient lich
 57880 | Depths:2 | Reached XP level 21. HP: 169/207 MP: 8/20
 58099 | Depths:2 | Got the Verses on Malignant Rituals
 60262 | Depths:3 | Found the +8 demon trident "Rift" {distort, reach+}
 60829 | Depths:3 | Noticed a caustic shrike
 60836 | Depths:3 | Killed a caustic shrike
 60948 | Vaults:1 | Entered Level 1 of the Vaults
 61095 | Vaults:1 | Paralysed by a sphinx for 2 turns
 61268 | Vaults:1 | Noticed Norris
 61286 | Vaults:1 | Killed Norris
 62418 | Vaults:1 | Found the +5 glaive of the Guard {elec, spectral}
 63210 | Vaults:1 | Found Misyuz's Distillery.
 63501 | Vaults:1 | Identified the +0 robe "Meaworph" {Rampage *Slow Will+
                  | Int+4}
 64220 | Vaults:2 | Found a staircase to the Crypt.
 64892 | Vaults:2 | Received a gift from Trog
 65801 | Vaults:2 | Reached XP level 22. HP: 217/231 MP: 4/21
 66226 | Vaults:2 | Reached skill level 15 in Maces & Flails
 66247 | Vaults:2 | Received a gift from Trog
 66821 | Vaults:2 | Identified the +0 spear of Demonkind {freeze, Fly rC-
                  | Int+6}
 67538 | Crypt:1  | Entered Level 1 of the Crypt
 67778 | Vaults:3 | You fall into a shaft and drop 1 floor!
 67967 | Vaults:3 | Reached skill level 10 in Evocations
 68570 | Vaults:3 | Noticed Xtahua
 68743 | Vaults:3 | Killed Xtahua
 69207 | Vaults:3 | Received a gift from Trog
 69645 | Vaults:3 | Reached skill level 27 in Fighting
 70399 | Vaults:4 | Noticed an ancient lich
 70894 | Vaults:4 | Noticed Bai Suzhen
 70905 | Vaults:4 | Killed Bai Suzhen
 70917 | Vaults:4 | Killed an ancient lich
 71402 | Vaults:4 | Received a gift from Trog
 71403 | Vaults:4 | Reached XP level 23. HP: 235/240 MP: 5/22
 71536 | Vaults:4 | Noticed Sojobo
 71556 | Vaults:4 | Killed Sojobo
 71929 | Vaults:4 | Paralysed by a formless jellyfish for 1 turns
 73060 | Vaults:5 | Entered Level 5 of the Vaults
 73357 | Vaults:5 | Noticed a dread lich
 73499 | Vaults:4 | Killed a dread lich
 73740 | Vaults:5 | Noticed a dread lich
 73841 | Vaults:5 | Paralysed by a dread lich for 4 turns
 74245 | Vaults:5 | Received a gift from Trog
 74265 | Vaults:5 | Killed a dread lich
 74620 | Vaults:5 | Identified the +1 quarterstaff "Figaimim" {flame, rN+ Int+2
                  | Dex+3 SInv}
 74799 | Vaults:5 | Identified the +9 quarterstaff of the Chewing Hawk {flame,
                  | rElec rPois Int+3 Stlth+}
 74804 | Vaults:5 | Reached skill level 10 in Throwing
 75111 | Vaults:5 | Noticed an ancient lich
 75114 | Vaults:5 | Killed an ancient lich
 75121 | Vaults:5 | Identified the ring "Zottuic" {*Slow Fly rN+ Int+6 Dex-3}
 75126 | Vaults:5 | Received a gift from Trog
 75128 | Vaults:5 | Identified the +8 long sword of Lam Ysyri {freeze, rF+
                  | SInv}
 75350 | Vaults:5 | Identified the ring of the Castellan {EV+5 Str+2}
 75364 | Vaults:5 | Reached skill level 15 in Dodging
 75626 | Vaults:5 | Reached skill level 5 in Stealth
 76038 | Vaults:5 | Got a silver rune of Zot
 76460 | Vaults:5 | Reached XP level 24. HP: 195/249 MP: 4/22
 76651 | Vaults:5 | Found the +2 hood of the Assassin {Detect Stab+ Stlth++}
 76698 | Vaults:5 | Identified the +0 scale mail of the Worm {Regen+ Int+3
                  | Stlth+}
 76829 | Vaults:5 | Identified the +0 pair of boots of Nujel {rF+}
 77145 | Vaults:5 | Noticed a dread lich
 77145 | Vaults:5 | Paralysed by a dread lich for 2 turns
 77152 | Vaults:5 | Killed a dread lich
 77811 | Swamp:4  | Got a decaying rune of Zot
 78368 | Snake:4  | Got a serpentine rune of Zot
 78588 | Slime:1  | Entered Level 1 of the Pits of Slime
 78693 | Lair:5   | Received a gift from Trog
 81817 | Slime:5  | Entered Level 5 of the Pits of Slime
 82419 | Slime:5  | Received a gift from Trog
 82428 | Slime:5  | Found the +8 whip "Snakebite" {venom, curare, rPois}
 82501 | Slime:5  | Noticed the Royal Jelly
 82511 | Slime:5  | Killed the Royal Jelly
 82989 | Slime:5  | Identified the +1 ring mail "Noskuf" {Will+}
 83077 | Slime:5  | Got a slimy rune of Zot
 83395 | Slime:5  | Found the +10 tower shield of Ignorance {rN+ Int-4}
 83516 | Slime:5  | Found the +4 robe of Folly {Brill Will-∞ Int+8}
 83527 | Slime:5  | Identified the ring of Backatat {rN+ EV+5}
 83534 | Slime:5  | Identified the ring "Simakladgh" {rCorr Slay+2}
 83541 | Slime:5  | Got the Elucidation of Transmuted Pyromania
 83548 | Slime:5  | Identified the +6 mace "Xoaw" {venom, Will+ SInv}
 83759 | Slime:5  | Identified the +3 scale mail of Gutiz {rC++}
 84110 | Slime:3  | Gained mutation: Your magical capacity is low. (-10% MP) [a
                  | shining eye]
 84112 | Slime:3  | Gained mutation: You are frail. (-10% HP) [a shining eye]
 84114 | Slime:3  | Gained mutation: You occasionally lose the ability to read
                  | scrolls when taking damage. [a shining eye]
 84117 | Slime:3  | Gained mutation: You sometimes lose the ability to read
                  | scrolls when taking damage. [a shining eye]
 84290 | Slime:3  | Reached skill level 27 in Shields
 84388 | Slime:3  | Reached skill level 1 in Unarmed Combat
 86416 | Depths:3 | Identified the +11 trident "Soyghywo" {freeze, rF+}
 86428 | Depths:3 | Reached XP level 25. HP: 203/231 MP: 0/19
 86434 | Depths:3 | Identified the +0 leather armour "Ahainij" {rF+ Will+++
                  | Slay-5}
 86437 | Depths:3 | Identified the dragon-blood talisman of Demonic Knowledge
                  | {Int+3}
 86565 | Depths:3 | Identified the +0 great mace "Nodduowa" {protect, rPois
                  | rF++ Will++}
 87326 | Depths:4 | Entered Level 4 of the Depths
 87337 | Depths:3 | Reached skill level 1 in Polearms
 87441 | Depths:4 | Received a gift from Trog
 87684 | Depths:4 | Found a corrupted altar of Lugonu.
 87728 | Depths:4 | Reached skill level 5 in Polearms
 88601 | Depths:4 | Found a gate to the Realm of Zot.
 89038 | Depths:4 | Found Gamufeu's Magic Scroll Emporium.
 89678 | Zot:1    | Entered Level 1 of the Realm of Zot
 89682 | Zot:1    | Reached skill level 10 in Polearms
 90543 | Depths:4 | Lost mutation: You are frail. (-10% HP) [potion of
                  | mutation]
 90543 | Depths:4 | Lost mutation: You sometimes lose the ability to read
                  | scrolls when taking damage. [potion of mutation]
 90543 | Depths:4 | Gained mutation: You have large cloven feet. [potion of
                  | mutation]
 90543 | Depths:4 | Gained mutation: You have hidden genetic defects. [potion
                  | of mutation]
 90544 | Depths:4 | Lost mutation: You occasionally lose the ability to read
                  | scrolls when taking damage. [potion of mutation]
 90544 | Depths:4 | Lost mutation: You have large cloven feet. [potion of
                  | mutation]
 90544 | Depths:4 | Lost mutation: Your magical capacity is low. (-10% MP)
                  | [potion of mutation]
 90544 | Depths:4 | Gained mutation: Armour fits poorly on your strangely
                  | shaped body. [potion of mutation]
 90544 | Depths:4 | Gained mutation: Your spells are a little easier to cast,
                  | but a little less powerful. [potion of mutation]
 90544 | Depths:4 | Gained mutation: You are strong-willed. (Will+) [potion of
                  | mutation]
 90545 | Depths:4 | Lost mutation: You are strong-willed. (Will+) [potion of
                  | mutation]
 90545 | Depths:4 | Lost mutation: Your spells are a little easier to cast, but
                  | a little less powerful. [potion of mutation]
 90545 | Depths:4 | Lost mutation: You have hidden genetic defects. [potion of
                  | mutation]
 90545 | Depths:4 | Gained mutation: Your magical capacity is low. (-10% MP)
                  | [potion of mutation]
 90545 | Depths:4 | Gained mutation: You are clumsy. (Dex -2) [potion of
                  | mutation]
 90545 | Depths:4 | Gained mutation: You are weak. (Str -2) [potion of
                  | mutation]
 90545 | Depths:4 | Gained mutation: You are covered in fur. (AC +1) [potion of
                  | mutation]
 90546 | Depths:4 | Lost mutation: You are covered in fur. (AC +1) [potion of
                  | mutation]
 90546 | Depths:4 | Lost mutation: You are clumsy. (Dex -2) [potion of
                  | mutation]
 90546 | Depths:4 | Gained mutation: Your flesh is cold resistant. (rC+)
                  | [potion of mutation]
 90547 | Depths:4 | Lost mutation: You are weak. (Str -2) [potion of mutation]
 90547 | Depths:4 | Lost mutation: Armour fits poorly on your strangely shaped
                  | body. [potion of mutation]
 90547 | Depths:4 | Gained mutation: You have sharp fingernails. [potion of
                  | mutation]
 91895 | Zot:2    | Received a gift from Trog
 92283 | Zot:2    | Identified the ring "Zuerrode" {Ice rElec}
 92283 | Zot:2    | Noticed Josephina
 92446 | Zot:2    | Banished Josephina
 92821 | Zot:2    | Found a shimmering altar of Xom.
 93380 | Zot:3    | Noticed a Killer Klown
 93386 | Zot:3    | Killed a Killer Klown
 93389 | Zot:3    | Noticed a Killer Klown
 93390 | Zot:3    | Paralysed by a Zot trap for 3 turns
 93406 | Zot:3    | Killed a Killer Klown
 93877 | Zot:3    | Identified the +1 robe "Umuyr" {Str+4 SInv}
 93899 | Zot:3    | Got the Compilation of Charms and Toxicants
 94033 | Zot:3    | Reached XP level 26. HP: 266/266 MP: 5/19
 94701 | Zot:3    | Identified a scroll of acquirement
 96132 | Elf:3    | Received a gift from Trog
 96257 | Elf:3    | Killed Nikola
 97790 | Zot:3    | HP: 12/258 [storm dragon (24)]
 97790 | Zot:3    | Mangled by a tentacled monstrosity

Illustrated notes

Levels and vault maps discovered:
D:1:      evilmike_arrival_crescent, layout_rooms
D:2:      layout_loops_corners, serial_shops, nicolae_shop_industrial_runoff,
          serial_co_window_serial, co_window_paths_b,
          co_window_of_opportunity_a, co_window_corner_a, co_window_corner_a,
          co_window_paths_b, co_window_broadway_a, co_window_corner_b,
          co_window_unsneaky_path_d, co_window_cross_2, co_window_paths_e
D:3:      minmay_spotlight, layout_basic,
          hellmonk_ecumenical_altar_the_god_not_taken, hellmonk_no_cap,
          uniq_jessica
D:4:      layout_basic, st_stairs_2, kennysheep_generic_room_8
D:5:      layout_loops_ring, minitemple, gammafunk_temple_overflow_wave
D:6:      kennysheep_slugbush, layout_rooms, minmay_temple_entry_arrows,
          portal_sewer_entry_d, uniq_pikel, uniq_prince_ribbit1, uniq_maggie,
          uniq_menkaure
D:7:      layout_basic, uniq_joseph
D:8:      layout_rooms, erik_lair_island, minmay_orc_keep
D:9:      layout_basic, xom_butterflies
D:10:     cheibrodos_orc_bank, layout_basic, lemuel_doored_altar,
          patterned_corridor
D:11:     kennysheep_six_static_rooms, layout_irregular_city,
          nicolae_dithmenos_shadow_blocks, uniq_nergalle
D:12:     layout_roguey, minmay_orc_entry_temple_large, amethyst_killhole,
          uniq_urug
D:13:     hangedman_arrow_trap, layout_loops_ring,
          lightli_vaults_fourway_checkpoint, uniq_snorg
D:14:     layout_layer_cave, minmay_misc_feat_secret_circle
D:15:     grunt_enter_depths_giant_problem, layout_long_grid, minivault_27
Temple:   minmay_freezing_vapour_temple
Lair:1:   layout_regular_city, dreamdust_mushroom_princess, grunt_megastairs_1,
          uniq_amaemon
Lair:2:   layout_cave_pods, mainiacjoe_swamp_entry_lozenge_pond,
          portal_ice_cave_demonic_guard, pdpol_lair_cavern_descent
Lair:3:   layout_regular_city, dummy_snake_entry,
          nicolae_lair_grove_arrangements, pdpol_lair_neglected_garden
Lair:4:   layout_cellular_growth
Lair:5:   due_jungle_book, layout_gridlike, minmay_slime_entry_pillars,
          grunt_megastairs_4, serial_bayou_shore_a, infiniplex_staircase_pool
Swamp:1:  layout_basic_swamp, nicolae_swamp_some_circles, uniq_jorgrun
Swamp:2:  layout_falls_marsh, evilmike_swamp_ruin_house_1,
          nicolae_swamp_triple_paths, swamp_pool_1_2, uniq_louise,
          uniq_mlioglotl
Swamp:3:  layout_falls_marsh, hangedman_swamp_lotus, swamp_pool_1_2,
          nicolae_swamp_vermiculated
Swamp:4:  byrel_swamp_growth_death_and_undeath, layout_basic_swamp
Snake:1:  layout_cave_shapes, minmay_shoptagon, uniq_roxanne, uniq_agnes
Snake:2:  layout_basic, serial_bayou_pond_e, serial_bayou_lake_a, uniq_vashnia
Snake:3:  layout_misc_corridors, serial_shops, nicolae_shop_tiny_waterfront
Snake:4:  snake_pit_salamanders_mu, layout_rooms, nicolae_fountain_basement,
          minmay_shop_grove, uniq_aizul
Slime:1:  layout_caves
Slime:2:  layout_caves, nicolae_slime_getting_an_eyeful
Slime:3:  layout_caves
Slime:4:  layout_caves, nicolae_slime_round_cave
Slime:5:  slime_pit_nicolae_inversion
Orc:1:    layout_diamond_mine, serial_shops, nicolae_shop_self_help, uniq_sonja,
          uniq_gastronok
Orc:2:    st_orc_rangers, layout_diamond_mine, basic_altar, lightli_orcish_oven
Elf:1:    eino_elf_arrival_the_gate, layout_onion_city, hangedman_elf_disciples,
          nicolae_shop_firing_range
Elf:2:    elven_hall_of_blades_hangedman_original
          [nicolae_vaults_blade_armed_guards], layout_geoelf_grid
Elf:3:    minmay_elf_hall_hex, layout_loops_corners, serial_shops, shop,
          nicolae_elf_w_pinch, uniq_nikola
Vaults:1: v_misc_9, v_misc_5, nicolae_vaults_stairing_the_circle,
          nicolae_vaults_doubleplus_tesselated, vaults_room_boxed,
          v_alt_pattern_1, v_pattern_1, v_misc_25,
          nicolae_vaults_oval_intersection, ontoclasm_vaults_pinch,
          nicolae_vaults_storage_room_doors, layout_vaults_omnibox,
          serial_shops, nicolae_shop_tiny_statue_garden, uniq_norris
Vaults:2: st_greater_box_1, v_misc_3, vaults_standard_mumra_enter_the_diamond,
          hangedman_vaults_nails, nicolae_vaults_storage_closets_1,
          vaults_dpeg_ring, nicolae_vaults_network_star,
          hangedman_vaults_variations, nicolae_vaults_trapezoid_lopsided_3,
          nicolae_vaults_house_3, layout_vaults_omnigrid, dummy_crypt_entry
Vaults:3: nicolae_vaults_shelves_hall, nicolae_vaults_meeting,
          ontoclasm_vaults_eye, nicolae_vaults_hexular_roomagon, v_misc_9,
          v_misc_15, hangedman_vaults_slither, nicolae_vaults_big_angled_halls,
          v_misc_17, hangedman_vaults_stream, layout_vaults_maze, uniq_xtahua
Vaults:4: ontoclasm_vaults_chip, nicolae_vaults_halls_meeting,
          grunt_vaults_hallway_long, v_misc_15, vaults_room_pools, v_misc_24,
          nicolae_vaults_storage_room_statues, vaults_mumra_lcd,
          nicolae_vaults_door_testing_chamber, nicolae_vaults_double_plus_2,
          nicolae_vaults_asterisk, v_misc_4, hangedman_vaults_slice, v_misc_12,
          hangedman_vaults_capsules, nicolae_vaults_double_plus_1,
          layout_vaults_omnicross, uniq_bai_suzhen, uniq_sojobo
Vaults:5
Crypt:1:  layout_misc_corridors, nicolae_crypt_little_mausoleum
Depths:1: layout_cave_shapes, enter_ziggurat_d, cheibrodos_ashenzari_chains,
          grunt_hell_horde, nicolae_abyss_entry_one_way_or_another,
          grunt_pan_entry_sceptre, hangedman_summoners_spam, uniq_saint_roka
Depths:2: minmay_eyes, layout_long_grid, abyss_entry, special_room
          [special_room_morgue], grunt_pan_entry_spiral, hangedman_geh_valley,
          chequers_serial_rivers_large_a, minmay_staircase_windowed_large
Depths:3: lemuel_castle_with_subvaults [lemuel_castle_interior_carwin_1],
          layout_basic, abyss_entry_small_statue_room, hellmouth_1
Depths:4: grunt_zot_entry_bicorn, layout_twisted_cross, hell_entry,
          serial_shops, nicolae_shop_rolled_up, abyss_entry_flame_altar,
          corexii_hall_statues_u, uniq_margery
Zot:1:    layout_onion_interference, regret_index_zotdec_twisting_globes
Zot:2:    layout_basic, regret_index_zotdec_iron_s, uniq_josephina
Zot:3:    cheibrodos_zot_enchanting_chambers, layout_gridlike,
          hangedman_zot_decor_unnerving_road, hangedman_zot_wheel_spokes
Zot:4:    layout_misc_corridors, gammafunk_ghost_ooze, evilmike_ambush
          [evilmike_ambush_outer_basic, evilmike_ambush_inner_basic], uniq_vv,
          uniq_tiamat

Skill      XL: |  1  2  3  4  5  6  7  8  9 10 11 12 13 14 15 16 17 18 19 20 21 22 23 24 25 26 |
---------------+-------------------------------------------------------------------------------+-----
Fighting       | 4 5 6 7 8 9 11 13 16 17 19 21 22 24 25 26 27 | 27.0
Axes           | 4 5 6 7 8 12 14 15 | 15.0
Armour         | 3 4 5 6 8 10 12 13 15 16 17 18 19 20 21 22 23 25 | 25.0
Dodging        | 2 3 4 5 6 7 8 9 10 11 13 14 15 16 | 16.7
Stealth        | 1 2 3 4 5 6 |  6.0
Maces & Flails | 1 4 8 11 12 13 14 15 16 | 16.5
Evocations     | 2 4 5 7 8 9 10 | 10.7
Throwing       | 1 2 3 4 6 7 9 10 | 10.8
Shields        | 3 7 10 12 14 15 16 18 19 21 24 27 | 27.0
Unarmed Combat | 2 |  2.1
Polearms       | 14 | 14.3

Action                     |  1- 3 |  4- 6 |  7- 9 | 10-12 | 13-15 | 16-18 | 19-21 | 22-24 | 25-27 || total
---------------------------+-------+-------+-------+-------+-------+-------+-------+-------+-------++-------
  Melee: Hand axe          |    83 |    91 |       |       |       |       |       |       |       ||   174
         Headbutt          |     9 |    23 |    30 |   126 |   221 |   211 |   259 |   338 |   163 ||  1380
         Punch             |     1 |       |     3 |       |       |       |       |       |       ||     4
         Flail             |       |    11 |   170 |   126 |       |       |       |       |       ||   307
         Battleaxe         |       |       |       |   195 |       |       |       |       |       ||   195
         Demon whip        |       |       |       |   214 |       |       |       |       |       ||   214
         Executioner's axe |       |       |       |    67 |     5 |       |       |       |       ||    72
         Eveningstar       |       |       |       |       |   992 |   984 |  1074 |  1213 |    36 ||  4299
         Unarmed           |       |       |       |       |       |       |       |     7 |       ||     7
         Demon trident     |       |       |       |       |       |       |       |       |   878 ||   878
  Throw: Javelin           |       |     2 |       |       |       |       |       |       |     1 ||     3
         Dart              |       |       |       |    34 |    13 |    42 |    25 |       |     1 ||   115
         Boomerang         |       |       |       |    14 |    16 |    42 |    29 |    25 |       ||   126
 Invoke: Berserk           |       |     1 |     4 |     8 |     7 |     4 |     3 |    10 |       ||    37
         Trog's Hand       |       |       |     3 |     1 |     4 |     3 |    13 |     8 |     5 ||    37
         Brothers in Arms  |       |       |       |       |     3 |     4 |     7 |     4 |       ||    18
  Evoke: Wand              |       |       |       |     7 |       |    12 |       |     3 |       ||    22
         Lightning rod     |       |       |       |       |       |     3 |     4 |     4 |     4 ||    15
         Condenser vane    |       |       |       |       |       |       |     1 |     3 |       ||     4
         Box of beasts     |       |       |       |       |       |       |       |     1 |       ||     1
    Use: Scroll            |       |       |     7 |    11 |     9 |     8 |     7 |     8 |     3 ||    53
         Potion            |       |       |       |       |       |     3 |     3 |     2 |    16 ||    24
   Stab: Sleeping          |       |       |     1 |       |       |       |       |     1 |     5 ||     7
         Petrified         |       |       |       |       |     2 |       |       |       |       ||     2
         Confused          |       |       |       |       |       |     3 |       |       |       ||     3
         Distracted        |       |       |       |       |       |     1 |       |     2 |     3 ||     6
 Armour: Leather armour    |    40 |    55 |   125 |    24 |       |       |       |       |       ||   244
         Chain mail        |       |       |       |   374 |   632 |   638 |       |       |       ||  1644
         Ring mail         |       |       |       |    28 |       |       |       |       |       ||    28
         Acid dragon scale |       |       |       |    11 |       |       |       |       |       ||    11
         Scale mail        |       |       |       |       |       |    36 |   451 |   146 |       ||   633
         Skin              |       |       |       |       |       |       |    14 |    44 |       ||    58
         Storm dragon scal |       |       |       |       |       |       |       |   269 |   295 ||   564
  Dodge: Dodged            |    56 |    40 |   112 |   247 |   417 |   450 |   309 |   323 |   118 ||  2072
         Repelled          |       |       |       |       |       |       |       |    22 |    21 ||    43
  Block: Other             |     3 |    11 |       |    13 |       |       |       |       |       ||    27
         Buckler           |       |       |       |    47 |   444 |   389 |   157 |       |       ||  1037
         Reflection        |       |       |       |       |    67 |    56 |    22 |    60 |    22 ||   227
         Tower shield      |       |       |       |       |       |       |   408 |  1236 |   631 ||  2275
